 Dungeon Crawl Stone Soup version 0.29-a0-197-ge3fb4bd5a4 (webtiles) character file.

Game seed: 497471110224101674

1357 Crownlay the Quickloader (level 8, -2/44 HPs)
             Began as a Kobold Hunter on Feb 22, 2022.
             Slain by an ice beast (7 damage)
             ... on level 4 of the Dungeon.
             The game lasted 00:10:30 (6359 turns).

Crownlay the Quickloader (Kobold Hunter)            Turns: 6359, Time: 00:10:31

Health: -2/44      AC:  4    Str: 10    XL:     8   Next: 95%
Magic:  8/8        EV: 14    Int: 12    God:
Gold:   215        SH:  0    Dex: 17    Spells: 7/7 levels left

rFire   . . .      SeeInvis .   a - +3 hand crossbow
rCold   . . .      Faith    .   (no shield)
rNeg    . . .      Spirit   .   b - +0 leather armour
rPois   +          Reflect  .   (no helmet)
rElec   .          Harm     .   (no cloak)
rCorr   .          Rampage  .   (no gloves)
Will    .....                   c - +0 pair of boots
Stlth   +++++.....              (no amulet)
HPRegen 0.14/turn               o - ring of poison resistance
MPRegen 0.11/turn               (no ring)

@: no status effects
A: small, no large weapons, nightstalker 3
a: no special abilities


You were on level 4 of the Dungeon.
You visited 1 branch of the dungeon, and saw 5 of its levels.
You also visited: Ossuary.

You collected 215 gold pieces.

Inventory:

Hand Weapons
 a - a +3 hand crossbow (weapon)
Missiles
 q - a throwing net (quivered)
Armour
 b - a +0 leather armour (worn)
 c - a +0 pair of boots (worn)
Jewellery
 g - a ring of magical power
 o - a ring of poison resistance (left hand)
 r - a ring of see invisible
Scrolls
 h - a scroll of identify
 i - a scroll of immolation {unknown}
 j - a scroll of summoning {unknown}
 l - 4 scrolls of teleportation
 m - a scroll of vulnerability {unknown}
 s - a scroll of fear {unknown}
 u - a scroll of noise {unknown}
 w - a scroll of amnesia {unknown}
 x - a scroll of magic mapping {unknown}
Potions
 d - 2 potions of mutation
 e - 2 potions of lignification
 f - a potion of curing {unknown}
 k - 2 potions of haste {unknown}
 n - a potion of ambrosia {unknown}
 p - a potion of heal wounds
 t - 2 potions of might {unknown}
 v - 2 potions of resistance
 z - a potion of brilliance {unknown}


   Skills:
 - Level 2.1 Fighting
 * Level 10.9 Crossbows
 - Level 2.4 Dodging
 * Level 10.4 Stealth


You had 7 spell levels left.
You didn't know any spells.
Your spell library contained the following spells:

 Spells                   Type           Power      Damage    Failure   Level
 Animate Skeleton         Necr           0%         N/A       41%         1
 Apportation              Tloc           0%         N/A       41%         1
 Summon Small Mammal      Summ           0%         N/A       41%         1
 Portal Projectile        Hex/Tloc       0%         N/A       80%         3
 Blade Hands              Tmut           0%         N/A       100%        5
 Excruciating Wounds      Necr           0%         N/A       100%        5


Dungeon Overview and Level Annotations

Branches:
Dungeon (5/15)            Ossuary (visited)
 Temple: D:4-7

Altars:
Sif Muna

Shops:
D:2 (


Innate Abilities, Weirdness & Mutations

You are small and have problems with some larger weapons.
You are completely attuned to the shadows.


Message History

You shoot a bolt.
The bolt hits the ice beast but does no damage.
The ice beast hits you. The ice beast freezes you!
* * * LOW HITPOINT WARNING * * *
You are too injured to fight recklessly!
Shoot: a) +3 hand crossbow
Press: ? - help, Shift-Dir - straight line, f/p - ice beast
Aim: an ice beast (70% to hit)
You shoot a bolt. The bolt hits the ice beast!
The ice beast is moderately wounded.
The ice beast completely misses you.
Shoot: a) +3 hand crossbow
Press: ? - help, Shift-Dir - straight line, f/p - ice beast
Aim: an ice beast (moderately wounded, 70% to hit)
You shoot a bolt.
The bolt hits the ice beast but does no damage.
The ice beast is moderately wounded.
The ice beast misses you.
Shoot: a) +3 hand crossbow
Press: ? - help, Shift-Dir - straight line, f/p - ice beast
Aim: an ice beast (moderately wounded, 70% to hit)
You shoot a bolt. The bolt barely misses the ice beast.
The ice beast hits you.
* * * LOW HITPOINT WARNING * * *
The ice beast freezes you.
* * * LOW HITPOINT WARNING * * *
Shoot: a) +3 hand crossbow
Press: ? - help, Shift-Dir - straight line, f/p - ice beast
Aim: an ice beast (moderately wounded, 70% to hit)
You shoot a bolt. The bolt closely misses the ice beast.
The ice beast completely misses you.
Shoot: a) +3 hand crossbow
Press: ? - help, Shift-Dir - straight line, f/p - ice beast
Aim: an ice beast (moderately wounded, 70% to hit)
You shoot a bolt.
The bolt hits the ice beast but does no damage.
The ice beast is moderately wounded.
The ice beast closely misses you. The ice beast hits you.
* * * LOW HITPOINT WARNING * * *
The ice beast freezes you!
You die...

###...........#........#####..##+
...............................#.
#.###########.#.##.#.#.#####.....
.................................
#.###########.#.##.#............#
#.####.....##.#..................
.....#.....##.####.###.#######...
#....+...........)>..............
#....########...@Y.....##########
#....>..........######## #
#.....########........# # #.....#
#..#####.# # ......########..##
#.# # ............#....# #.# #
#.#.#.#####.#....# #.# #
#.#.#.....#.#....# #.###########
#.#.#.###.#.#....# #...........#


You could see an ice beast.

Vanquished Creatures
  Sigmund (D:2)
  A black bear (D:5)
  An ogre (D:4)
  6 elf zombies (Ossuary)
  A scorpion (D:4)
  A water moccasin skeleton (D:4)
  2 centaur zombies (Ossuary)
  A jelly (D:4)
  4 human zombies (Ossuary)
  An iguana (D:4)
  3 mummies (Ossuary)
  A hound skeleton (D:4)
  A howler monkey skeleton (D:4)
  6 gnolls
  5 adders
  4 worms
  4 dart slugs
  2 orcs (D:4)
  6 ball pythons
  5 endoplasms
  6 giant cockroaches
  9 goblins
  7 hobgoblins
  8 kobolds
  3 quokkas
  6 bats
  9 frilled lizards
  6 rats
110 creatures vanquished.

Vanquished Creatures (others)
  10 plants (D:4)
10 creatures vanquished.

Grand Total: 120 creatures vanquished

Notes
Turn   | Place    | Note
-------+----------+-------------------------------------------
     0 | D:1      | Crownlay the Kobold Hunter began the quest for the Orb.
     0 | D:1      | Reached XP level 1. HP: 12/12 MP: 1/1
   183 | D:1      | Reached XP level 2. HP: 17/17 MP: 2/2
   547 | D:1      | Reached XP level 3. HP: 21/21 MP: 3/3
  1048 | D:2      | Found Huducit's Antique Weapon Emporium.
  1233 | D:2      | Reached XP level 4. HP: 12/26 MP: 4/4
  1639 | D:2      | Noticed Sigmund
  1652 | D:2      | Killed Sigmund
  1653 | D:2      | Reached skill level 5 in Stealth
  1653 | D:2      | Reached XP level 5. HP: 3/30 MP: 5/5
  1653 | D:2      | Reached XP level 6. HP: 4/35 MP: 6/6
  3293 | D:3      | Found a shimmering blue altar of Sif Muna.
  4011 | D:4      | Reached XP level 7. HP: 29/40 MP: 7/7
  4060 | D:4      | Found a sand-covered staircase.
  4066 | Ossuary  | Entered an ossuary
  4456 | Ossuary  | Reached XP level 8. HP: 16/44 MP: 8/8
  4815 | Ossuary  | Reached skill level 10 in Crossbows
  5526 | D:4      | Reached skill level 10 in Stealth
  6122 | D:5      | Entered Level 5 of the Dungeon
  6359 | D:4      | Slain by an ice beast

Illustrated notes

Levels and vault maps discovered:
D:1:      kilobyte_arrival_exit_the_forest, layout_basic
D:2:      layout_loops_ring, serial_shops, nicolae_shop_crystal, uniq_sigmund
D:3:      layout_basic, mainiacjoe_overflow_alcove_4
D:4:      layout_basic, enter_ossuary_1, portal_sewer_entry_e,
          minmay_lizard_king
D:5:      layout_layer_cave, grunt_ministairs_3, nicolae_wooded_promenade

Skill      XL: |  1  2  3  4  5  6  7  8 |
---------------+-------------------------+-----
Stealth        | 2 3 5 6 8 10 | 10.4
Crossbows      | 6 7 8 9 10 | 10.9
Fighting       | |  2.1
Dodging        | |  2.4

Action                   |  1- 3 |  4- 6 |  7- 9 || total
-------------------------+-------+-------+-------++-------
 Fire: Hand crossbow     |    83 |   132 |   195 ||   410
  Use: Scroll            |       |     4 |     3 ||     7
Armor: Leather armour    |    13 |     9 |    24 ||    46
Dodge: Dodged            |    35 |    48 |    86 ||   169

Table legend: (Time is in decaauts)
 A = Elapsed time spent in this place.
 B = Non-inter-level travel time spent in this place.
 C = Inter-level travel time spent in this place.
 D = Time resting spent in this place.
 E = Time spent auto-exploring this place.
 F = Levels seen in this place.
 G = Mean time per level.
                   A        B        C        D        E       F      G
               +--------+--------+--------+--------+--------+-----+--------+
         Total |   6428 |   6229 |    199 |      0 |   4958 |   6 | 1071.3 |
       Dungeon |   5549 |   5350 |    199 |      0 |   4277 |   5 | 1109.8 |
       Ossuary |    879 |    879 |      0 |      0 |    681 |   1 |  879.0 |
               +--------+--------+--------+--------+--------+-----+--------+

Top non-repeatable levels by time:
     D:4: 1567 daAuts
     D:2: 1372 daAuts
     D:3: 1368 daAuts
     D:1: 1021 daAuts
 Ossuary: 879 daAuts
     D:5: 219 daAuts
